 Dungeon Crawl Stone Soup version 0.24-a0-350-g5b3daab (webtiles) character file.

Game seed: 3694361593726584870

4094 Spazmo the Thaumaturge (level 10, 0/52 HPs)
             Began as a Deep Elf Fire Elementalist on May 22, 2019.
             Was a Believer of Vehumet.
             Slain by a killer bee (7 damage)
             ... on level 8 of the Dungeon on May 23, 2019.
             The game lasted 00:25:53 (6580 turns).

Spazmo the Thaumaturge (Deep Elf Fire Elementalist) Turns: 6580, Time: 00:25:54

Health: 0/52       AC:  4    Str:  5    XL:     10   Next: 5%
Magic:  1/35       EV: 13    Int: 24    God:    Vehumet [**....]
Gold:   430        SH:  4    Dex: 15    Spells: 14/29 levels left

rFire    + . .     SeeInvis .   e - +3 whip (pain)
rCold    + . .     Gourm    .   (no shield)
rNeg     + . .     Faith    .   d - +1 robe {rC+ rF+}
rPois    .         Spirit   .   (no helmet)
rElec    .         Reflect  .   (no cloak)
rCorr    .         Harm     .   (no gloves)
MR       +....                  q - +0 pair of boots
Stlth    ++........             (no amulet)
HPRegen  0.17/turn              g - ring of magical power
MPRegen  0.24/turn              j - ring of positive energy

@: no status effects
A: large bone plates 1
a: Renounce Religion


You were on level 8 of the Dungeon.
You worshipped Vehumet.
Vehumet was pleased with you.
You were very hungry.

You visited 2 branches of the dungeon, and saw 9 of its levels.

You collected 430 gold pieces.

Inventory:

Hand Weapons
 e - a +3 whip of pain (weapon)
 o - the +1 falchion "Earthworm" {drain, rPois rC- rN+ Str+4}
   (You found it on level 8 of the Dungeon)

   A truly terrible weapon, it drains the life of those it strikes.
   It affects your strength (+4).
   It makes you vulnerable to cold.
   It protects you from poison.
   It protects you from negative energy.
Missiles
 h - 264 stones (quivered)
Armour
 a - a +0 robe
 d - a +1 robe of resistance (worn)
 q - a +0 pair of boots (worn)
Jewellery
 b - an uncursed ring of flight
 g - a ring of magical power (left hand)
 j - a ring of positive energy (right hand)
Scrolls
 f - 9 scrolls of identify
 r - a scroll of amnesia
Potions
 i - a potion of brilliance
 k - a potion of lignification {unknown}
 l - a potion of mutation
 m - a potion of magic {unknown}
 n - 3 potions of curing
 s - a potion of haste {unknown}
 t - 2 potions of heal wounds
Comestibles
 c - 11 rations


   Skills:
 + Level 1.2 Fighting
 + Level 3.3 Dodging
 - Level 2.4 Stealth
 - Level 10.0 Spellcasting
 + Level 9.6 Conjurations
 - Level 10.0 Fire Magic


You had 14 spell levels left.
You knew the following spells:

 Your Spells              Type           Power        Failure   Level  Hunger
a - Flame Tongue          Conj/Fire      #####        1%          1    None
b - Throw Flame           Conj/Fire      ######       1%          2    None
c - Conjure Flame         Conj/Fire      ######..     1%          3    None
d - Sticky Flame          Conj/Fire      ######..     1%          4    #......
e - Fireball              Conj/Fire      ######....   2%          5    ####...

Your spell library contained the following spells:

 Spells                   Type           Power        Failure   Level  Hunger
 Searing Ray              Conj           ######       1%          2    None
 Sting                    Conj/Pois      ####         1%          1    None
 Inner Flame              Hex/Fire       #####...     1%          3    None
 Mephitic Cloud           Conj/Pois/Air  ####....     4%          3    None
 Summon Small Mammal      Summ           ##..         5%          1    None
 Call Imp                 Summ           ##......     8%          2    None
 Poisonous Vapours        Pois/Air       ##....       8%          2    None
 Call Canine Familiar     Summ           ##......     16%         3    None
 Summon Guardian Golem    Hex/Summ       ##......     16%         3    None
 Venom Bolt               Conj/Pois      #####.....   21%         5    ####...
 Olgreb's Toxic Radiance  Pois           ##......     45%         4    #......
 Summon Ice Beast         Ice/Summ       ##......     45%         4    #......
 Summon Lightning Spire   Summ/Air       ##......     45%         4    #......


Dungeon Overview and Level Annotations

Branches:
Dungeon (8/15)             Temple (1/1) D:5            Lair (0/6) D:8

Altars:
Cheibriados
Dithmenos
Elyvilon
Fedhas
Kikubaaqudgha
Makhleb
Nemelex Xobeh
Okawaru
Qazlal
Ru
Uskayaw
Vehumet
Wu Jian
Xom
Zin
The Shining One

Shops:
D:4 }   D:5 [


Innate Abilities, Weirdness & Mutations

You are partially covered in large bone plates. (SH +4)


Message History

You feel your power returning. The killer bee misses you.
Casting: Sticky Flame (safe; 1% risk of failure)
Confirm with . or Enter, or press ? or * to list all spells.
Aiming: Fireball (safe; 2% risk of failure)
Press: ? - help, Shift-Dir - straight line, f - killer bee
Aim: a killer bee That beam is likely to hit you.
Continue anyway?
The fireball explodes!
The fireball engulfs the killer bee!
You kill the killer bee!
Vehumet accepts your kill. The fireball engulfs you! You resist.
* * * LOW HITPOINT WARNING * * *
The fireball engulfs the killer bee!!
You kill the killer bee!
Vehumet accepts your kill.
The fireball engulfs the killer bee!
The killer bee is severely wounded.
You hear a bark!
You hear an angry buzzing noise.
The killer bee misses you. The killer bee stings you!
You die...

.PP>
..ā‰ˆ#................
.PPP...##...............
#.P.##.#......#......###
..#...#..#..###.......##
# .#...ā‰ˆ...#...#
###.#...# ....###......#
###..## ............##
####...#
..>...##..y.####.....##
#......#.ā€ @..##......#
#......a.##.........##
......lā€ ###........##
........##....#....#
.........#...##...##
.........##......##
..........#.##..##
.............#..#
.........##. ..##


You could see a worker ant, a killer bee and a leopard gecko.

Vanquished Creatures
  A wyvern (D:8)
  Menkaure (D:4)
  A black bear (D:8)
  5 ice beasts
  4 sky beasts
  5 ogres
  4 phantoms
  A centaur (D:6)
  A bullfrog (D:8)
  A water moccasin zombie (D:8)
  15 killer bees (D:8)
  4 scorpions
  2 howler monkeys (D:6)
  A jelly (D:6)
  2 crimson imps
  3 hounds
  A bullfrog zombie (D:5)
  A gnoll shaman (D:5)
  2 orc priests
  A centaur skeleton (D:5)
  5 orc wizards
  3 iguanas
  3 worker ants
  A hound skeleton (D:5)
  A worker ant zombie (D:7)
  12 adders
  9 gnolls
  3 shadow imps (D:7)
  4 oozes
  2 adder skeletons
  2 adder zombies
  3 worms
  3 dart slugs
  3 leopard geckos
  14 orcs
  4 bats
  7 giant cockroaches
  5 goblins
  8 hobgoblins
  7 jackals
  7 kobolds
  5 quokkas
  3 ball pythons
  6 frilled lizards
  A jackal skeleton (D:4)
  A leopard gecko skeleton (D:5)
  2 quokka zombies
  5 rats
185 creatures vanquished.

Notes
Turn   | Place    | Note
-------+----------+-------------------------------------------
     0 | D:1      | Spazmo the Deep Elf Fire Elementalist began the quest for
                  | the Orb.
     0 | D:1      | Reached XP level 1. HP: 10/10 MP: 6/6
   143 | D:1      | Reached XP level 2. HP: 9/15 MP: 4/8
   151 | D:1      | Learned a level 2 spell: Throw Flame
   711 | D:1      | Reached XP level 3. HP: 19/19 MP: 8/10
   810 | D:1      | Learned a level 3 spell: Conjure Flame
  1409 | D:2      | Reached XP level 4. HP: 13/24 MP: 9/12
  1415 | D:2      | Learned a level 4 spell: Sticky Flame
  2136 | D:3      | Reached XP level 5. HP: 26/28 MP: 1/14
  2266 | D:3      | Found a shimmering altar of Xom.
  2465 | D:3      | Reached skill level 5 in Spellcasting
  2723 | D:4      | Noticed a phantom
  2737 | D:4      | Killed a phantom
  2737 | D:4      | Reached skill level 5 in Fire Magic
  2737 | D:4      | Reached XP level 6. HP: 32/32 MP: 7/16
  2744 | D:4      | Learned a level 5 spell: Fireball
  2744 | D:4      | Found an iron altar of Okawaru.
  2787 | D:4      | Noticed Menkaure
  2798 | D:4      | Killed Menkaure
  3266 | D:4      | Found Qiemur's Gadget Shop.
  3439 | D:5      | Entered Level 5 of the Dungeon
  3453 | D:5      | Reached XP level 7. HP: 36/36 MP: 12/18
  3547 | D:5      | Reached skill level 5 in Conjurations
  3813 | D:5      | Found a staircase to the Ecumenical Temple.
  3823 | Temple   | Entered the Ecumenical Temple
  3855 | Temple   | Became a worshipper of Vehumet
  3899 | D:5      | Found Vaovukat's Armour Boutique.
  4024 | D:5      | Reached XP level 8. HP: 41/41 MP: 13/21
  4393 | D:6      | Found a stormy altar of Qazlal.
  5147 | D:6      | Reached XP level 9. HP: 34/45 MP: 15/24
  5313 | D:6      | Reached * piety under Vehumet
  5313 | D:6      | Offered knowledge of Shock by Vehumet.
  5644 | D:7      | Upgraded the game from 0.24-a0-347-g1a3e1d3 to
                  | 0.24-a0-350-g5b3daab
  5889 | D:7      | Reached skill level 10 in Spellcasting
  6252 | D:8      | Offered knowledge of Searing Ray by Vehumet.
  6359 | D:8      | Gained mutation: You are clumsy. (Dex -2) [potion of
                  | mutation]
  6359 | D:8      | Gained mutation: You are partially covered in large bone
                  | plates. (SH +4) [potion of mutation]
  6359 | D:8      | Lost mutation: You are clumsy. (Dex -2) [potion of
                  | mutation]
  6365 | D:8      | Found a staircase to the Lair.
  6416 | D:8      | Reached ** piety under Vehumet
  6510 | D:8      | Reached skill level 10 in Fire Magic
  6544 | D:8      | Got an ancient falchion
  6545 | D:8      | Identified the +1 falchion "Earthworm" {drain, rPois rC-
                  | rN+ Str+4} (You found it on level 8 of the Dungeon)
  6575 | D:8      | Reached XP level 10. HP: 30/51 MP: 8/26
  6577 | D:8      | Reached skill level 1 in Fighting
  6580 | D:8      | Slain by a killer bee

Levels and vault maps discovered:
D:1:      nicolae_arrival_somewhat_less_tricky_arrival, layout_basic
D:2:      layout_loops_ring, first_ration, minmay_pentomino_t4
D:3:      layout_basic, lemuel_crystal_altar
D:4:      layout_basic, okawaru_ov_weapons_minmay, serial_shops, shop,
          uniq_menkaure
D:5:      layout_cave_pools, minmay_temple_entry_antechambers, serial_rivers,
          chequers_serial_rivers_room_b, chequers_serial_rivers_micro_a,
          chequers_serial_rivers_micro_c, chequers_serial_rivers_large_a,
          chequers_serial_rivers_micro_d, chequers_serial_rivers_micro_e,
          serial_shops, nicolae_shop_stone
D:6:      layout_loops_corners, grunt_qazlal_clouds, minmay_quadrilaterals
D:7:      layout_basic
D:8:      minmay_goldmine, layout_cave_pools, dpeg_oklobed_lair, serial_shops,
          shop, david_nohive_1
Temple:   compressed_dpeg_circular_temple

Skill      XL: |  1  2  3  4  5  6  7  8  9 10 |
---------------+-------------------------------+-----
Conjurations   | 2 3 4 5 7 9 |  9.6
Fire Magic     | 4 5 6 8 10 | 10.0
Spellcasting   | 4 5 6 7 9 10 | 10.0
Dodging        | 3 |  3.3
Fighting       | 1 |  1.2
Stealth        | |  2.4

Action                   |  1- 3 |  4- 6 |  7- 9 | 10-12 || total
-------------------------+-------+-------+-------+-------++-------
Melee: Whip              |    11 |     2 |    69 |       ||    82
Throw: Stone             |     2 |       |       |       ||     2
 Cast: Flame Tongue      |    80 |    99 |   209 |       ||   388
       Throw Flame       |     1 |     8 |    40 |       ||    49
       Sticky Flame      |       |     1 |    18 |     1 ||    20
       Fireball          |       |       |     7 |     1 ||     8
 Abil: Evoke Flight      |       |       |     1 |       ||     1
  Use: Scroll            |     1 |     3 |     5 |       ||     9
       Potion            |       |     2 |     5 |     1 ||     8
  Eat: Chunk             |     1 |     4 |     6 |       ||    11
       Ration            |       |     1 |     1 |       ||     2
Armor: Robe              |     8 |     1 |    18 |     1 ||    28
Dodge: Dodged            |    20 |    26 |    85 |     6 ||   137
Block: Other             |       |       |     3 |     1 ||     4

Table legend:
 A = Non-vault XP
 B = Vault XP
 C = Vault XP percentage of total XP
 D = Non-vault monster count
 E = Vault monster count
 F = Vault count percentage of total count
                 A         B        C        D         E       F
            +---------+---------+-------+---------+---------+-------
      Total |    4759 |    1090 |  18.6 |     168 |      17 |   9.2
            +---------+---------+-------+---------+---------+-------
        D:1 |      52 |       0 |   0.0 |      25 |       0 |   0.0
        D:2 |      59 |       2 |   3.3 |      22 |       2 |   8.3
        D:3 |     174 |       0 |   0.0 |      24 |       0 |   0.0
        D:4 |     272 |     172 |  38.7 |       7 |       1 |  12.5
        D:5 |     837 |       0 |   0.0 |      25 |       0 |   0.0
        D:6 |    1167 |     224 |  16.1 |      28 |       3 |   9.7
        D:7 |     869 |       0 |   0.0 |      17 |       0 |   0.0
        D:8 |    1329 |     692 |  34.2 |      20 |      11 |  35.5
            +---------+---------+-------+---------+---------+-------
